 Dungeon Crawl Stone Soup version 0.31-a0-4-gefa6de2278 (webtiles) character file.

Game seed: 14017873287138394418

65 qeuew the Covered (level 3, -4/33 HPs)
             Began as a Minotaur Fighter on May 3, 2023.
             Killed by divine providence
             ... invoked by an orc priest
              (12 damage)
             ... on level 3 of the Dungeon.
             The game lasted 00:02:23 (1610 turns).

qeuew the Covered (Minotaur Fighter)                Turns: 1610, Time: 00:02:24

Health: -4/33      AC:  7    Str: 19 (22) XL:     3   Next: 92%
Magic:  2/2        EV:  9    Int:  2 (5)  God:
Gold:   158        SH: 10    Dex: 14 (15) Spells: 2/2 levels left

rFire   . . .        a - +1 war axe
rCold   + . .        c - +0 buckler
rNeg    . . .        b - +0 scale mail
rPois   .            (helmet restricted)
rElec   .            (no cloak)
rCorr   .            (no gloves)
SInv    .            (no boots)
Will    .....        l - amulet of reflection Stlth
                     f - +6 ring of dexterity
HPRegen 0.25/turn    m - ring of protection from cold
MPRegen 0.08/turn

%: reflection
@: no status effects
A: horns 2, retaliatory headbutt
a: no special abilities


You were on level 3 of the Dungeon.
You visited 1 branch of the dungeon, and saw 3 of its levels.

You collected 158 gold pieces.

Inventory:

Hand Weapons
 a - a +1 war axe (weapon)
Missiles
 q - 2 throwing nets (quivered)
Armour
 b - a +0 scale mail (worn)
 c - a +0 buckler (worn)
Jewellery
 f - a +6 ring of dexterity (left hand)
 l - an amulet of reflection (around neck)
 m - a ring of protection from cold (right hand)
Scrolls
 g - 2 scrolls of identify
 j - a scroll of blinking
 p - 2 scrolls of fear
Potions
 d - 3 potions of might
 e - a potion of curing {unknown}
 h - 2 potions of heal wounds
 i - a potion of flight


   Skills:
 + Level 4.0 Fighting
 * Level 3.3 Axes
 * Level 4.5 Armour
 + Level 1.1 Dodging
 + Level 4.0 Shields


You had 2 spell levels left.
You didn't know any spells.
Your spell library was empty.

Dungeon Overview and Level Annotations

Branches:
Dungeon (3/15)

Altars:


Innate Abilities, Weirdness & Mutations

You have a pair of horns on your head.
You reflexively headbutt those who attack you in melee.


Message History

You are too injured to fight recklessly!
You are too injured to fight recklessly!
You are too injured to fight recklessly!
You are too injured to fight recklessly!
You are too injured to fight recklessly!
You are too injured to fight recklessly!
Unknown command.
You hit the orc. You headbutt the orc.
The orc is almost dead.
The orc hits you but does no damage. x2
Unknown command.
You barely miss the orc.
The orc is almost dead.
The orc closely misses you.
Unknown command.
You barely miss the orc.
The orc is almost dead.
The orc hits you with a +0 dagger.
Unknown command.
You slash the orc!
You kill the orc!
The orc priest calls down the wrath of Beogh upon you.
Pain shoots through your body!
* * * LOW HITPOINT WARNING * * *
Unknown command.
You slash the orc priest!
The orc priest is heavily wounded.
The orc priest begins to cast a cantrip, but forgets the words!
Unknown command.
You closely miss the orc priest. You headbutt the orc priest.
The orc priest is severely wounded.
The orc priest invokes the aid of Beogh against you.
Pain shoots through your body!
* * * LOW HITPOINT WARNING * * *
Unknown command.
You hit the orc priest.
The orc priest is almost dead.
The orc priest calls down the wrath of Beogh upon you.
Beogh smites you!
You die...

#..#############
#..ogo@.>......#
##.###########.#
#.# #.# #.# #.#
#.# ######
######.###.....
####..........####


You could see an orc priest, an orc and a goblin.

Vanquished Creatures
  An adder (D:3)
  A worm (D:2)
  2 dart slugs
  An orc (D:3)
  4 ball pythons
  4 bats
  3 endoplasms
  2 giant cockroaches
  6 hobgoblins
  5 jackals
  2 quokkas (D:1)
  3 frilled lizards
  3 goblins
  3 kobolds
  5 rats
45 creatures vanquished.

Notes
Turn   | Place    | Note
-------+----------+-------------------------------------------
     0 | D:1      | qeuew the Minotaur Fighter began the quest for the Orb.
     0 | D:1      | Reached XP level 1. HP: 19/19 MP: 0/0
   162 | D:1      | Reached XP level 2. HP: 27/27 MP: 1/1
  1062 | D:2      | Reached XP level 3. HP: 33/33 MP: 2/2
  1268 | D:2      | Reached skill level 1 in Dodging
  1573 | D:3      | Found a faded altar of an unknown god.
  1610 | D:3      | Killed from afar by an orc priest

Illustrated notes

Levels and vault maps discovered:
D:1:      dpeg_arrival_snail, layout_basic
D:2:      layout_rooms
D:3:      layout_loops_ring, gammafunk_temple_overflow_claw,
          shapermc_ecumenical_altar_mp_urbaneastern, serial_shops, shop,
          chequers_serial_rivers_room_a, moated_statue

Skill      XL: |  1  2  3 |
---------------+----------+-----
Armour         | 4 |  4.5
Axes           | 3 |  3.3
Dodging        | 1 |  1.1
Fighting       | 4 |  4.0
Shields        | 4 |  4.0

Action                     || total
---------------------------++-------
  Melee: War axe           ||    88
         Headbutt          ||    13
    Use: Scroll            ||     8
         Potion            ||     4
 Armour: Scale mail        ||    36
  Dodge: Dodged            ||    23
  Block: Buckler           ||    42
         Reflection        ||     2

Table legend: (Time is in decaauts)
 A = Elapsed time spent in this place.
 B = Non-inter-level travel time spent in this place.
 C = Inter-level travel time spent in this place.
 D = Time resting spent in this place.
 E = Time spent auto-exploring this place.
 F = Levels seen in this place.
 G = Mean time per level.
                   A        B        C        D        E       F      G
               +--------+--------+--------+--------+--------+-----+--------+
         Total |   1641 |   1577 |     64 |      3 |   1291 |   3 |  547.0 |
       Dungeon |   1641 |   1577 |     64 |      3 |   1291 |   3 |  547.0 |
               +--------+--------+--------+--------+--------+-----+--------+

Top non-repeatable levels by time:
     D:1: 939 daAuts
     D:2: 540 daAuts
     D:3: 161 daAuts
